 Dungeon Crawl Stone Soup version 0.27.1-37-g7b29ead8ac (console) character file.

Game seed: 12179061013714326691

335 grimtooth the Caller (level 6, -1/24 HPs)
             Began as a Felid Summoner on Nov 20, 2023.
             Killed by divine providence
             ... invoked by an orc priest
              (14 damage)
             ... on level 5 of the Dungeon.
             The game lasted 00:20:52 (5341 turns).

grimtooth the Caller (Felid Summoner)               Turns: 5341, Time: 00:20:55

Health: -1/24      AC:  2    Str:  5    XL:     6   Next: 28%
Magic:  2/10       EV: 23    Int: 17    God:
Gold:   187        SH:  0    Dex: 17    Spells: 3/9 levels left
                                        Lives:  0   Deaths: 1

rFire    . . .     SeeInvis +     - Unarmed
rCold    . . .     Faith    .   (shield unavailable)
rNeg     . . .     Spirit   .   (armour unavailable)
rPois    .         Reflect  .   (helmet unavailable)
rElec    .         Harm     .   (cloak unavailable)
rCorr    .         Rampage  .   (gloves unavailable)
Will     .....                  (boots unavailable)
Stlth    +++.......             (no amulet)
HPRegen  0.08/turn              n - +4 ring of evasion
MPRegen  0.12/turn              (no ring)

@: very slightly contaminated, quick
A: very small, claws 1, fangs 3, see invisible, speed 1, shaggy fur 2, stealthy
paws, no weapons or thrown items, no armour, multi-lived
a: no special abilities


You were on level 5 of the Dungeon.
You visited 1 branch of the dungeon, and saw 5 of its levels.

You collected 187 gold pieces.

Inventory:

Jewellery
 n - a +4 ring of evasion (left paw)
Scrolls
 a - a scroll of magic mapping {unknown}
 b - a scroll of noise {unknown}
 d - 3 scrolls of amnesia
 f - 3 scrolls of teleportation {unknown}
 g - a scroll of brand weapon {unknown}
 i - 2 scrolls of vulnerability {unknown}
 j - a scroll of fog {unknown}
Potions
 c - 4 potions of curing
 e - 3 potions of lignification
 h - a potion of berserk rage
 k - a potion of ambrosia {unknown}
 l - a potion of mutation
 m - a potion of heal wounds


   Skills:
 + Level 4.6 Dodging
 + Level 4.7 Stealth
 - Level 3.0 Unarmed Combat
 * Level 2.4 Spellcasting
 * Level 5.6 Summonings


You had 3 spell levels left.
You knew the following spells:

 Your Spells              Type           Power      Damage    Failure   Level
z - Confusing Touch       Hex            2%         N/A       50%         3
L - Summon Small Mammal   Summ           84%        N/A       1%          1
P - Call Imp              Summ           21%        N/A       2%          2

Your spell library contained the following spells:

 Spells                   Type           Power      Damage    Failure   Level
 Call Canine Familiar     Summ           21%        N/A       5%          3
 Summon Guardian Golem    Hex/Summ       11%        N/A       17%         3
 Slow                     Hex            2%         N/A       28%         2
 Gell's Gravitas          Tloc           1%         N/A       50%         3
 Lesser Beckoning         Tloc           1%         N/A       50%         3
 Teleport Other           Tloc           2%         N/A       50%         3
 Vampiric Draining        Necr           1%         2d6       50%         3
 Summon Lightning Spire   Summ/Air       11%        N/A       50%         4
 Storm Form               Tmut/Air       1%         N/A       100%        7
 Maxwell's Capacitive Co  Air            1%         ∞         100%        8


Dungeon Overview and Level Annotations

Branches:
Dungeon (5/15)
 Temple: D:4-7

Altars:

Annotations:
D:5 Ijyb


Innate Abilities, Weirdness & Mutations

You have sharp claws.
You have razor-sharp teeth.
You have supernaturally acute eyesight. (SInv)
You cover ground quickly. (Speed+)
You are covered in thick fur. (AC +2)
Your paws help you pounce on unaware monsters.
You are incapable of wielding weapons or throwing items.
You cannot wear armour.
You gain extra lives every three experience levels.


Message History

Your crimson imp barely misses the orc.
What are your orders? t - Meow!
Orders for allies: a - Attack new target. r - Retreat! s - Stop attacking. g - Guard the area. f - Follow me.
Anything else - Cancel.
Gang up on whom?
Press: ? - help, Dir - move target, f - orc priest
Aim: an orc priest, wielding a +0 falchion Attack!
The orc hits your crimson imp with a +0 whip.
The orc priest hits your crimson imp with a +0 falchion.
Your crimson imp misses the orc priest.
Casting: Call Imp (safe; 2% risk of failure)
Confirm with . or Enter, or press ? or * to list all spells.
You miscast Call Imp.
You are very lightly contaminated with residual magic.
Nothing appears to happen.
The orc closely misses you.
The orc priest closely misses your crimson imp.
Your crimson imp closely misses the orc priest.
Your shadow imp closely misses the orc priest.
Casting: Call Imp (safe; 2% risk of failure)
Confirm with . or Enter, or press ? or * to list all spells.
A shadowy apparition takes form in the air.
Your crimson imp hits the orc priest.
The orc priest misses your shadow imp. The orc completely misses you.
The orc misses your crimson imp.
Your crimson imp hits the orc priest.
Your shadow imp misses the orc priest.
You swap places.
Your crimson imp disappears in a puff of smoke!
The orc priest closely misses your crimson imp.
Your crimson imp blinks!
Your shadow imp gestures at the orc priest.
The orc priest writhes in agony!
Your shadow imp hits the orc.
The orc dies!
The orc barely misses your shadow imp.
The orc priest mumbles some strange prayers to Beogh against you.
Beogh smites you!
Ouch! That really hurt!
You die...

#.####....###.(.##..... #..##
........................ ......
?........................ ......
.................<....... ......
................................
......................... ......
......................... ......
........................ ......
..#......####.####.##.. ##.##
###.5..####.## .# . ##.##
#.......5.@.# .# +....
#....§..)...# #....
#...o5......# #....
##..§o......# #....
##..).......# #....
#...).......# #....
#...........# #...†
##....#....## ##... ###########
####+#####... #......#.....
#......'.>...


You could see an orc priest (ally target), an orc, a friendly crimson imp
(summoned) and 2 friendly shadow imps.

Vanquished Creatures
  A hound (D:3)
  An iguana (D:5)
  2 adders
  An adder skeleton (D:4)
  A dart slug (D:2)
  An endoplasm (D:2)
  3 giant cockroaches
  4 goblins
  4 hobgoblins
  2 jackals (D:2)
  3 kobolds
  3 ball pythons
  A bat (D:3)
  2 frilled lizards
  3 rats
32 creatures vanquished.

Vanquished Creatures (collateral kills)
  An ogre (D:5)
  A centaur (D:5)
  A scorpion (D:4)
  A water moccasin zombie (D:5)
  A hound (D:3)
  2 iguanas (D:4)
  3 adders
  3 gnolls (D:3)
  An adder skeleton (D:4)
  A worm (D:2)
  7 orcs
  2 ball pythons
  3 endoplasms
  A goblin (D:1)
  2 jackals (D:2)
  4 kobolds
34 creatures vanquished.

Grand Total: 66 creatures vanquished

Notes
Turn   | Place    | Note
-------+----------+-------------------------------------------
     0 | D:1      | grimtooth the Felid Summoner began the quest for the Orb.
     0 | D:1      | Reached XP level 1. HP: 7/7 MP: 4/4
   511 | D:1      | Found a faded altar of an unknown god.
   663 | D:2      | Reached XP level 2. HP: 11/11 MP: 6/6
   773 | D:2      | Reached skill level 1 in Unarmed Combat
  1658 | D:2      | Reached XP level 3. HP: 9/14 MP: 3/7
  1891 | D:2      | Learned a level 2 spell: Call Imp
  1895 | D:2      | Learned a level 3 spell: Confusing Touch
  2757 | D:3      | Reached XP level 4. HP: 18/18 MP: 8/8
  2989 | D:3      | Slain by a gnoll
  2990 | D:3      | Reached XP level 3. HP: -2/14 MP: 3/7
  3541 | D:4      | Reached XP level 4. HP: 13/18 MP: 8/8
  4553 | D:4      | Noticed a scorpion
  4583 | D:4      | Killed a scorpion
  4584 | D:4      | Reached skill level 5 in Summonings
  4584 | D:4      | Reached XP level 5. HP: 21/21 MP: 4/9
  4822 | D:5      | Entered Level 5 of the Dungeon
  4825 | D:5      | Noticed a centaur
  4841 | D:5      | Killed a centaur
  4858 | D:5      | Noticed Ijyb
  5187 | D:5      | Gained mutation: You are covered in thick fur. (AC +2)
                  | [Felid growth]
  5187 | D:5      | Reached XP level 6. HP: 24/24 MP: 10/10
  5341 | D:5      | Killed from afar by an orc priest

Illustrated notes

Levels and vault maps discovered:
D:1:      lemuel_arrival_hallway, layout_basic,
          hellmonk_ecumenical_altar_heavens_door
D:2:      layout_loops_ring, minmay_distorted
D:3:      layout_rooms
D:4:      layout_basic, chequers_serial_rivers_room_a
D:5:      layout_gridville, uniq_ijyb, uniq_menkaure

Skill      XL: |  1  2  3  4  5 |
---------------+----------------+-----
Dodging        | 3 4 |  4.6
Stealth        | 3 4 |  4.7
Unarmed Combat | 1 2 3 |  3.0
Summonings     | 5 |  5.6
Spellcasting   | |  2.4

Action                   |  1- 3 |  4- 6 || total
-------------------------+-------+-------++-------
Melee: Unarmed           |    99 |    39 ||   138
       Bite              |    12 |     6 ||    18
       Punch             |     1 |       ||     1
 Cast: Summon Small Mamm |    40 |    19 ||    59
       Call Imp          |    10 |    24 ||    34
  Use: Scroll            |       |     6 ||     6
 Stab: Sleeping          |     9 |     3 ||    12
       Distracted        |       |     1 ||     1
Armor: Skin              |     5 |       ||     5
Dodge: Dodged            |    84 |    59 ||   143
